 Dungeon Crawl Stone Soup version 0.26-a0-846-gcc8f1ee719 (webtiles) character file.

Game seed: 17353518501686545223

369 marklar909 the Slinger (level 7, -3/45 HPs)
             Began as a Halfling Hunter on Nov 20, 2020.
             Was an Initiate of Okawaru.
             Slain by Pikel
             ... wielding a +1 whip of electrocution
              (20 damage)
             ... on level 4 of the Dungeon.
             The game lasted 00:04:38 (3043 turns).

marklar909 the Slinger (Halfling Hunter)            Turns: 3043, Time: 00:04:38

Health: -3/45      AC:  5    Str: 14    XL:     7   Next: 1%
Magic:  7/7        EV: 15    Int:  9    God:    Okawaru [......]
Gold:   241        SH:  5    Dex: 16    Spells: 6/6 levels left

rFire    . . .     SeeInvis .   a - +1 hunting sling
rCold    . . .     Faith    .   (shield restricted)
rNeg     + . .     Spirit   .   f - +0 troll leather armour
rPois    .         Reflect  +   k - +0 helmet
rElec    .         Harm     .   (no cloak)
rCorr    +         Rampage  .   (no gloves)
MR       .....                  (no boots)
Stlth    ++........             i - amulet of reflection
HPRegen  0.55/turn              t - ring of positive energy
MPRegen  0.10/turn              p - ring of resist corrosion

@: no status effects
A: small, mutation resistance 1
a: Renounce Religion


You were on level 4 of the Dungeon.
You worshipped Okawaru.
Okawaru was noncommittal.
You visited 1 branch of the dungeon, and saw 4 of its levels.

You collected 241 gold pieces.

Inventory:

Hand Weapons
 a - a +1 hunting sling (weapon)
 b - a +0 short sword
Missiles
 d - 51 sling bullets
 g - 121 stones (quivered)
Armour
 f - a +0 troll leather armour (worn)
 k - a +0 helmet (worn)
 q - a +0 kite shield
Jewellery
 i - an amulet of reflection (around neck)
 p - a ring of resist corrosion (right hand)
 t - a ring of positive energy (left hand)
Scrolls
 c - 3 scrolls of remove curse
 e - 3 scrolls of enchant weapon {unknown}
 m - 4 scrolls of identify {unknown}
 o - 2 scrolls of amnesia {unknown}
 s - 2 scrolls of noise {unknown}
Potions
 h - 2 potions of mutation {unknown}
 j - a potion of haste {unknown}
 l - 3 potions of curing {unknown}
 n - 2 potions of heal wounds {unknown}
 r - a potion of ambrosia {unknown}
 u - a potion of might {unknown}
 v - a potion of brilliance {unknown}


   Skills:
 + Level 2.8 Fighting
 + Level 9.7 Slings
 + Level 1.0 Armour
 + Level 2.6 Dodging
 + Level 2.0 Stealth
 * Level 1.3 Shields


You had 6 spell levels left.
You didn't know any spells.
Your spell library was empty.

Dungeon Overview and Level Annotations

Branches:
Dungeon (4/15)
 Temple: D:4-7

Altars:
Elyvilon
Fedhas
Okawaru
Sif Muna

Annotations:
D:4 Pikel


Innate Abilities, Weirdness & Mutations

You are small and have problems with some larger weapons.
You are somewhat resistant to further mutation.


Message History

You shoot a stone. The stone hits Pikel.
Pikel is almost dead.
You block Pikel's attack.
Firing (i - inventory. (/) - cycle)
g - 123 stones (quivered)
Press: ? - help, Shift-Dir - straight line, f/p - Pikel
Aim: Pikel, wielding a +1 whip of electrocution and wearing a +1 robe of magic resistance (almost dead)
You shoot a stone. The stone closely misses Pikel.
The stone hits the lemure but does no damage.
The lemure is severely wounded.
Unknown command.
Firing (i - inventory. (/) - cycle)
g - 122 stones (quivered)
Press: ? - help, Shift-Dir - straight line, f/p - Pikel
Aim: Pikel, wielding a +1 whip of electrocution and wearing a +1 robe of magic resistance (almost dead)
You shoot a stone. The stone barely misses Pikel.
The stone closely misses the lemure.
The stone hits the lemure but does no damage.
The lemure is moderately wounded.
Pikel hits you with a +1 whip of electrocution.
You are electrocuted!!
You die...

### 5( ######### (#
........###########(#
....>...'.......@K55#
........#############
........# ##....
........###...#
..........#.#.#
........#.._..#
........###.###
######### #..# ..#
##.#


You could see Pikel and 2 lemures.

Vanquished Creatures
  3 orc wizards (D:3)
  Jessica (D:2)
  An iguana (D:3)
  A worker ant (D:4)
  Robin (D:2)
  4 gnolls (D:3)
  6 adders
  2 oozes
  A dart slug (D:1)
  A leopard gecko (D:3)
  8 orcs
  3 ball pythons
  3 giant cockroaches (D:3)
  12 hobgoblins
  6 jackals
  3 quokkas
  9 bats
  7 frilled lizards
  10 goblins
  10 kobolds
  5 rats
97 creatures vanquished.

Notes
Turn   | Place    | Note
-------+----------+-------------------------------------------
     0 | D:1      | marklar909 the Halfling Hunter began the quest for the Orb.
     0 | D:1      | Reached XP level 1. HP: 14/14 MP: 1/1
    39 | D:1      | Reached skill level 6 in Slings
    70 | D:1      | Reached XP level 2. HP: 19/19 MP: 2/2
   373 | D:1      | You fall into a shaft and drop 1 floor!
   394 | D:2      | Reached XP level 3. HP: 24/24 MP: 3/3
   400 | D:2      | Noticed Robin
   429 | D:2      | Reached skill level 7 in Slings
   437 | D:2      | Killed Robin
   697 | D:2      | Reached XP level 4. HP: 25/29 MP: 4/4
   956 | D:2      | Noticed Jessica
   963 | D:2      | Killed Jessica
  1245 | D:2      | Reached XP level 5. HP: 35/35 MP: 5/5
  1248 | D:2      | Reached skill level 8 in Slings
  1471 | D:2      | Found a blossoming altar of Fedhas.
  1784 | D:3      | Reached XP level 6. HP: 40/40 MP: 6/6
  1840 | D:3      | Reached skill level 9 in Slings
  1859 | D:3      | Found an iron altar of Okawaru.
  1884 | D:3      | Became a worshipper of Warmaster Okawaru
  1963 | D:3      | Reached skill level 1 in Shields
  2097 | D:3      | Found a shimmering blue altar of Sif Muna.
  2527 | D:4      | Reached skill level 1 in Armour
  2547 | D:4      | Found a white marble altar of Elyvilon.
  2894 | D:4      | Reached XP level 7. HP: 45/45 MP: 7/7
  3017 | D:4      | Noticed Pikel
  3043 | D:4      | Slain by Pikel

Illustrated notes

Levels and vault maps discovered:
D:1:      lightli_arrival_boilingwater, layout_basic, minmay_unequal
D:2:      layout_basic, fedhas_altar_fruit_tree, uniq_robin, uniq_jessica
D:3:      layout_basic, old_standard_altar, okawaru_metal_pillars_1_2
D:4:      layout_basic, lemuel_crystal_altar, uniq_pikel

Skill      XL: |  1  2  3  4  5  6 |
---------------+-------------------+-----
Slings         | 6 7 8 9 |  9.7
Fighting       | 2 |  2.8
Stealth        | 2 |  2.0
Shields        | 1 |  1.3
Armour         | 1 |  1.0
Dodging        | |  2.6

Action                   |  1- 3 |  4- 6 |  7- 9 || total
-------------------------+-------+-------+-------++-------
 Fire: Hunting sling     |    94 |   211 |    24 ||   329
  Use: Scroll            |     4 |     1 |       ||     5
Armor: Leather armour    |     6 |       |       ||     6
       Troll leather arm |       |    15 |       ||    15
Dodge: Dodged            |    21 |    60 |     5 ||    86
Block: Other             |       |    11 |     4 ||    15

Table legend: (Time is in decaauts)
 A = Elapsed time spent in this place.
 B = Non-inter-level travel time spent in this place.
 C = Inter-level travel time spent in this place.
 D = Time resting spent in this place.
 E = Time spent auto-exploring this place.
 F = Levels seen in this place.
 G = Mean time per level.
                   A        B        C        D        E       F      G
               +--------+--------+--------+--------+--------+-----+--------+
         Total |   2983 |   2886 |     97 |      0 |   2326 |   4 |  745.8 |
       Dungeon |   2983 |   2886 |     97 |      0 |   2326 |   4 |  745.8 |
               +--------+--------+--------+--------+--------+-----+--------+

Top non-repeatable levels by time:
     D:2: 1134 daAuts
     D:3: 839 daAuts
     D:4: 634 daAuts
     D:1: 375 daAuts
